 Dungeon Crawl Stone Soup version 0.31.0-12-g77e489cdc1 (webtiles) character file.

Game seed: 11834516131693285331

3903 Strat the Blocker (level 10, -2/79 HPs)
             Began as a Human Fighter on Feb 12, 2024.
             Was a Believer of Okawaru.
             Succumbed to a gnoll sergeant's poison
             ... on level 8 of the Dungeon.
             The game lasted 00:16:51 (8547 turns).

Strat the Blocker (Human Fighter)                   Turns: 8547, Time: 00:16:52

Health: -2/79      AC: 20    Str: 22    XL:     10   Next: 20%
Magic:  4/10       EV:  6    Int:  8    God:    Okawaru [**....]
Gold:   335        SH:  6    Dex: 12    Spells: 9/9 levels left

rFire   . . .        a - +1 flail
rCold   . . .        c - +0 buckler
rNeg    . . .        s - +0 plate armour
rPois   .            (no helmet)
rElec   .            (no cloak)
rCorr   +            t - +2 pair of gloves
SInv    .            (no boots)
Will    ++...        k - amulet of guardian spirit Stlth
                     j - ring "Topageum" {Will+ rCorr AC+4}
HPRegen 0.33/turn    n - ring of willpower
MPRegen 0.12/turn

%: guardian spirit
@: mighty, lethally poisoned (-2 -> -16)
A: explore regen
a: Renounce Religion, Heroism


You were on level 8 of the Dungeon.
You worshipped Okawaru.
Okawaru was pleased with you.
You visited 2 branches of the dungeon, and saw 9 of its levels.
You also visited: Ossuary.

You collected 335 gold pieces.

Inventory:

Hand Weapons
 a - a +1 flail (weapon)
 x - a +0 giant club
 E - a +0 giant club
 G - a +0 morningstar
Missiles
 e - 5 javelins (quivered)
 g - 25 poisoned darts
Armour
 b - a +1 scale mail
 c - a +0 buckler (worn)
 s - a +0 plate armour (worn)
 t - a +2 pair of gloves (worn)
Jewellery
 j - the ring "Topageum" (left hand) {Will+ rCorr AC+4}
   (You found it on level 4 of the Dungeon)

   [ring of protection]

   AC+4:      It affects your AC (+4).
   Will+:     It increases your willpower.
   rCorr:     It protects you from acid and corrosion.
 k - an amulet of guardian spirit (around neck)
 m - an amulet of reflection
 n - a ring of willpower (right hand)
Wands
 o - a wand of iceblast (4)
 v - a wand of polymorph (4)
Scrolls
 i - 3 scrolls of enchant armour
 l - 2 scrolls of teleportation
 p - 3 scrolls of blinking
 u - 2 scrolls of amnesia
 y - 4 scrolls of vulnerability {unknown}
 C - 2 scrolls of fog
 D - a scroll of noise {unknown}
 F - a scroll of identify
Potions
 d - 3 potions of might
 f - a potion of haste {unknown}
 h - a potion of cancellation
 q - 2 potions of magic {unknown}
 r - 3 potions of ambrosia
 w - a potion of attraction {unknown}
 z - a potion of lignification {unknown}
 A - a potion of enlightenment {unknown}
 B - 2 potions of mutation {unknown}


   Skills:
 - Level 7.0 Fighting
 + Level 7.6 Maces & Flails
 - Level 7.0 Armour
 * Level 9.2 Shields


You had 9 spell levels left.
You didn't know any spells.
Your spell library contained the following spells:

 Spells                   Type           Power      Damage    Failure   Level
 Freeze                   Ice            0%         1d3       100%        1
 Necrotise                Necr           0%         1d4       100%        1
 Sandblast                Erth           0%         2d4       100%        1
 Ensorcelled Hibernation  Hex/Ice        0%         N/A       100%        2
 Dazzling Flash           Conj/Hex       0%         N/A       100%        3
 Frozen Ramparts          Ice            0%         1d1       100%        3
 Hailstorm                Conj/Ice       0%         3d5       100%        3
 Inner Flame              Hex/Fire       0%         N/A       100%        3
 Mephitic Cloud           Conj/Alch/Air  0%         N/A       100%        3
 Passwall                 Erth           0%         N/A       100%        3
 Stone Arrow              Conj/Erth      0%         3d7       100%        3
 Vampiric Draining        Necr           0%         2d6       100%        3
 Brom's Barrelling Bould  Conj/Erth      0%         2d3       100%        4
 Leda's Liquefaction      Alch/Erth      0%         N/A       100%        4
 Petrify                  Alch/Erth      0%         N/A       100%        4
 Borgnjor's Vile Clutch   Necr/Erth      0%         N/A       100%        5
 Curse of Agony           Necr           0%         N/A       100%        5
 Irradiate                Conj/Alch      0%         3d11      100%        5
 Metabolic Englaciation   Hex/Ice        0%         N/A       100%        5
 Silence                  Hex/Air        0%         N/A       100%        5
 Ozocubu's Refrigeration  Ice            0%         4d7       100%        7
 Ignition                 Fire           0%         3d3       100%        8
 Animate Armour           Summ/Erth      Unusable   N/A       N/A         4
 Animate Dead             Necr           Unusable   N/A       N/A         4
 Martyr's Knell           Necr/Summ      Unusable   N/A       N/A         4
 Death Channel            Necr           Unusable   N/A       N/A         6

Dungeon Overview and Level Annotations

Branches:
Dungeon (8/15)             Temple (1/1) D:6         Ossuary (visited)
   Lair: D:8-11

Altars:
Ashenzari
Cheibriados
Dithmenos
Elyvilon
Fedhas
Gozag
Hepliaklqana
Kikubaaqudgha
Makhleb
Okawaru
Qazlal
Ru
Sif Muna
Trog
Uskayaw
Vehumet
Wu Jian
Xom
Zin
The Shining One
Lugonu

Annotations:
D:4 3 runed translucent doors, MonkeyDNika's ghost, amateur MiFi
D:5 3 runed translucent doors, Hrothgar's ghost, novice GnFi


Innate Abilities, Weirdness & Mutations

You regain HP and MP as you explore.


Message History

You block the gnoll's attack.
You hit the gnoll sergeant.
The gnoll sergeant is almost dead.
You feel very sick. The gnoll sergeant misses you.
The gnoll hits you but does no damage. You block the gnoll's attack.
You hit the gnoll sergeant but do no damage.
The gnoll sergeant is almost dead.
You feel very sick.
You hit the gnoll sergeant but do no damage.
The gnoll sergeant is almost dead.
You feel very sick.
The gnoll sergeant hits you but does no damage.
You are lethally poisoned!
The gnoll hits you with a +0 flail.
* * * LOW HITPOINT WARNING * * *
You block the gnoll's attack.
You feel very mighty all of a sudden.
* * * LOW HITPOINT WARNING * * *
You feel very sick.
The gnoll sergeant hits you but does no damage.
You are more poisoned.
The gnoll hits you but does no damage.
You hit the gnoll sergeant but do no damage.
The gnoll sergeant is almost dead.
You feel like a meek peon again.
* * * LOW HITPOINT WARNING * * *
You feel very sick. The gnoll sergeant barely misses you.
The gnoll hits you but does no damage. The gnoll barely misses you.
The gnoll hits you but does no damage.
The gnoll shouts!
You thump the gnoll sergeant!
You kill the gnoll sergeant!
Okawaru accepts your kill.
* * * LOW HITPOINT WARNING * * *
You feel very sick. The gnoll completely misses you.
A wight comes into view. It is wielding a +3 dire flail.
You block the gnoll's attack.
You die...

##+##'######)<.[#....#
#......#)...#....#
#......#....# # ##'
#.###..#....#..>.# ##..
###.###..#....#....#
.....#........#....#....#
#.....#........#....#....#
.....g........#....#....#
....#.$@.....#....#....# # ..
#g..##...#....#....# #.
#'###..##...#....#....'
###.##.###g.##†..#....#....#
....'....zg......#....#....#
..#............#....+....# #.
##..##########....####+#
##.####..##..................
..........#..................


You could see a wight and 4 gnolls.

Vanquished Creatures
  Pikel (D:2)
  A steam dragon (D:8)
  A water moccasin (D:7)
  A sky beast (D:8)
  3 black bears
  2 ogres
  A boggart (D:5)
  2 centaurs
  2 elf zombies (Ossuary)
  2 gnoll sergeants
  4 bullfrogs
  A scorpion (D:7)
  3 wights
  6 killer bees (D:8)
  A quasit (D:6)
  4 human zombies (Ossuary)
  2 jellies
  A centaur zombie (Ossuary)
  A bombardier beetle (D:4)
  5 hounds
  2 orc priests
  4 iguanas
  7 orc wizards
  2 crocodile zombies (Ossuary)
  5 spectral hounds (Ossuary)
  5 mummies
  14 gnolls
  5 adders
  2 hound simulacra (Ossuary)
  10 shadow imps (D:6)
  6 white imps
  4 ufetubi (D:6)
  2 spectral adders (Ossuary)
  2 spectral gnolls (Ossuary)
  3 dart slugs
  2 ribbon worms
  5 adder simulacra (Ossuary)
  15 orcs
  7 ball pythons
  8 endoplasms
  5 giant cockroaches
  3 gnoll zombies (Ossuary)
  11 goblins
  4 hobgoblins
  4 quokkas
  3 bats
  2 frilled lizards
  A hobgoblin zombie (D:7)
  4 jackal simulacra (Ossuary)
  6 kobolds
  12 kobold zombies
  2 orc zombies (Ossuary)
  8 rats
  A spectral jackal (Ossuary)
  A butterfly (D:7)
221 creatures vanquished.

Notes
Turn   | Place    | Note
-------+----------+-------------------------------------------
     0 | D:1      | Strat the Human Fighter began the quest for the Orb.
     0 | D:1      | Reached XP level 1. HP: 18/18 MP: 1/1
   113 | D:1      | Reached XP level 2. HP: 24/24 MP: 2/2
   592 | D:1      | Reached XP level 3. HP: 29/29 MP: 3/3
   643 | D:1      | Found a faded altar of an unknown god.
  1230 | D:2      | Found a glowing golden altar of the Shining One.
  1295 | D:2      | Reached XP level 4. HP: 35/35 MP: 4/4
  1712 | D:2      | Identified the +0 cloak of Amorality {Str-3 Dex+5}
  2047 | D:3      | Reached skill level 5 in Maces & Flails
  2047 | D:3      | Reached XP level 5. HP: 41/41 MP: 3/5
  2334 | D:3      | Found a bloodstained altar of Trog.
  2580 | D:4      | Noticed Pikel
  2580 | D:4      | Noticed a lemure
  2580 | D:4      | Noticed a lemure
  2580 | D:4      | Noticed a lemure
  2581 | D:4      | Noticed a lemure
  2655 | D:2      | Killed Pikel
  2656 | D:2      | Reached XP level 6. HP: 33/49 MP: 6/6
  2656 | D:2      | Reached XP level 7. HP: 37/55 MP: 7/7
  2823 | D:4      | Reached skill level 5 in Fighting
  2982 | D:4      | Identified the ring "Topageum" {Will+ rCorr AC+4}
  3111 | D:4      | Found an ancient bone altar of Kikubaaqudgha.
  3319 | D:4      | Reached XP level 8. HP: 59/65 MP: 6/8
  3408 | D:4      | Found a runed translucent gate.
  3408 | D:4      | Found a runed translucent gate.
  3409 | D:4      | Found a runed translucent gate.
  3411 | D:4      | Noticed MonkeyDNika's ghost (amateur MiFi)
  3488 | D:5      | Entered Level 5 of the Dungeon
  3693 | D:5      | Noticed Duvessa
  3693 | D:5      | Noticed Dowan
  3869 | D:6      | Found a broken altar of Ashenzari.
  3872 | D:6      | Found a glowing golden altar of the Shining One.
  3877 | D:6      | Found a hide-covered altar of Uskayaw.
  3882 | D:6      | Found a blossoming altar of Fedhas.
  3986 | D:6      | Found a snail-covered altar of Cheibriados.
  4220 | D:5      | Reached skill level 5 in Armour
  4309 | D:5      | Noticed Edmund
  4333 | D:5      | Edmund changed into Edmund the boggart
  4333 | D:5      | Noticed Edmund
  4340 | D:5      | Killed Edmund the boggart
  4375 | D:5      | Found a runed translucent gate.
  4375 | D:5      | Found a runed translucent gate.
  4375 | D:5      | Found a runed translucent gate.
  4377 | D:5      | Found an opulent altar of Gozag.
  4379 | D:5      | Noticed Hrothgar's ghost (novice GnFi)
  4455 | D:5      | Dowan changed into Dowan the gnoll
  4455 | D:5      | Noticed Dowan
  4463 | D:5      | Killed Dowan the gnoll
  4478 | D:5      | Duvessa changed into Duvessa the gnoll
  4478 | D:5      | Noticed Duvessa
  4487 | D:5      | Killed Duvessa the gnoll
  4630 | D:5      | Found a shimmering altar of Xom.
  4630 | D:5      | Found a burning altar of Makhleb.
  5355 | D:6      | Found a staircase to the Ecumenical Temple.
  5392 | Temple   | Entered the Ecumenical Temple
  5406 | Temple   | Became a worshipper of Warmaster Okawaru
  5731 | D:7      | Found a radiant altar of Vehumet.
  5739 | D:7      | Reached XP level 9. HP: 69/72 MP: 9/9
  5755 | D:7      | Reached skill level 4 in Shields
  5843 | D:7      | Found a sand-covered staircase.
  5851 | Ossuary  | Entered an ossuary
  6010 | Ossuary  | Reached skill level 5 in Shields
  6350 | Ossuary  | Reached skill level 6 in Shields
  6859 | D:7      | Reached * piety under Okawaru
  6860 | D:7      | Reached skill level 7 in Shields
  7010 | D:7      | Found a white marble altar of Elyvilon.
  7124 | D:7      | Reached skill level 8 in Shields
  7689 | D:8      | Reached XP level 10. HP: 66/79 MP: 8/10
  7931 | D:8      | Got the Codex of Frostbound Company
  8188 | D:7      | Reached ** piety under Okawaru
  8193 | D:7      | Reached skill level 9 in Shields
  8546 | D:8      | HP: 2/79 [poisoned by a gnoll sergeant]
  8547 | D:8      | Succumbed to a gnoll sergeant's poison

Illustrated notes

Levels and vault maps discovered:
D:1:      nicolae_arrival_memento_mori, layout_loops_corners,
          hellmonk_ecumenical_altar_defaced_shrine, serial_park_tiny_pond,
          hangedman_decor_diamond_cutter, hex_large
D:2:      layout_loops_cross, basic_altar, serial_park_tiny_pond,
          grunt_ministairs_10, palyth_stone_intersect
D:3:      layout_rooms, trog_butcher_becter, serial_glass, glass_columns_a,
          glass_columns_b
D:4:      layout_basic, mainiacjoe_overflow_brackets,
          gammafunk_ghost_necromancy, kennysheep_path_1, uniq_pikel
D:5:      layout_basic, grunt_temple_overflow_champion_of_chaos,
          ebering_ghost_gozag, chequers_serial_rivers_micro_e, uniq_duvessa,
          uniq_edmund
D:6:      layout_basic, mainiacjoe_overflow_tiny_flanked,
          grunt_temple_overflow_cloverleaf, minmay_temple_entry_statues_pillars,
          serial_demonic, serial_demonic_g, serial_demonic_b, serial_demonic_b,
          serial_demonic_d, serial_demonic_f, serial_demonic_c,
          serial_demonic_c, serial_demonic_a, serial_demonic_a, serial_demonic_b
D:7:      layout_loops_ring, nicolae_vehumet_radiance,
          nicolae_elyvilon_peaceful_grove, nicolae_ossuary_entry_giza
D:8:      layout_gridville, mainiacjoe_overflow_alcove_2
Temple:   corrupted_temple

Skill      XL: |  1  2  3  4  5  6  7  8  9 10 |
---------------+-------------------------------+-----
Maces & Flails | 3 4 5 7 |  7.6
Fighting       | 4 6 7 |  7.0
Armour         | 7 |  7.0
Shields        | 8 9 |  9.2

Action                     |  1- 3 |  4- 6 |  7- 9 | 10-12 || total
---------------------------+-------+-------+-------+-------++-------
  Melee: Flail             |   107 |    94 |   668 |   133 ||  1002
 Invoke: Heroism           |       |       |       |     1 ||     1
  Evoke: Wand              |       |       |     8 |       ||     8
    Use: Scroll            |       |     6 |    10 |     1 ||    17
         Potion            |       |     1 |       |     3 ||     4
 Armour: Scale mail        |    69 |    73 |   482 |       ||   624
         Plate armour      |       |       |    42 |   184 ||   226
  Dodge: Dodged            |    50 |    35 |   271 |    55 ||   411
  Block: Buckler           |    26 |    23 |   146 |    55 ||   250
